[Event "Titled Tuesday Blitz January 03 Late 2023"]
[White "Rozman, Levy"]
[Black "Sukandar, Irine Kharisma"]
[WhiteFideId "2039877"]
[BlackFideId "7101937"]
[WhiteElo "2322"]
[BlackElo "2390"]
[Result "1-0"]
[Round "10"]
[TimeControl "180+2"]
[Date "2023.01.03"]
[WhiteClock "0:01:06"]
[BlackClock "0:01:04"]

1. d4 Nf6 2. Bg5 Ne4 3. h4 d5 4. e3 h6 5. Bf4 e6 6. Bd3 Be7 7. Qg4 Bf6 8. Qf3 Nd6 9. c3 b6 10. Nd2 Bb7 11. g4 Bxh4 12. Be5 Bf6 13. g5 Bxg5 14. Bxg7 Rg8 15. Be5 f6 16. Qh5+ Nf7 17. Bh2 f5 18. Ngf3 Nd7 19. a4 a5 20. Rg1 Nf6 21. Qh3 Qe7 22. Ke2 O-O-O 23. b4 axb4 24. cxb4 Qxb4 25. a5 bxa5 26. Rgb1 Qc3 27. Rc1 Qb4 28. Rxc7+ 1-0


[Site "https://www.chess.com"]

[Event "Titled Tuesday Blitz January 03 Late 2023"]
[White "Mei, Austin"]
[Black "Cristobal, Manuel"]
[WhiteFideId "30948479"]
[BlackFideId "112879"]
[WhiteElo "2218"]
[BlackElo "2257"]
[Result "0-1"]
[Round "10"]
[TimeControl "180+2"]
[Date "2023.01.03"]
[WhiteClock "0:00:02"]
[BlackClock "0:01:20"]

1. e4 Nc6 2. Nf3 d5 3. exd5 Qxd5 4. Nc3 Qh5 5. d4 Bg4 6. Be2 Nf6 7. Bf4 O-O-O 8. Ne5 Bxe2 9. Nxe2 Nxe5 10. Bxe5 e6 11. Ng3 Qxd1+ 12. Rxd1 Be7 13. c3 h5 14. Bxf6 Bxf6 15. Ne4 Be7 16. h4 b6 17. Ke2 Kb7 18. a4 Rd5 19. Rh3 Rhd8 20. Rf3 f5 21. Ng5 Bxg5 22. hxg5 c5 23. Re3 R5d6 24. g6 cxd4 25. Rxd4 Kc6 26. Kd3 Rxd4+ 27. cxd4 Kd6 28. Re5 Rc8 29. Re2 Rc1 30. Ke3 Kd5 31. Kf4 Rc4 32. Re5+ Kd6 33. Ke3 Rxa4 34. Rb5 Ra1 35. Kf4 Re1 36. Kg5 Re2 37. Kxh5 Rxf2 38. g4 Rh2+ 39. Kg5 Rg2 40. Rb3 Rxg4+ 41. Kh5 Rxd4 42. Rc3 e5 43. Rc8 e4 44. Rg8 e3 45. Rd8+ Ke5 46. Re8+ Kf4 47. Rf8 Rd1 48. Rxf5+ Kxf5 49. b4 Rh1# 0-1


[Site "https://www.chess.com"]

[Event "Titled Tuesday Blitz January 03 Late 2023"]
[White "Andreev, Eduard"]
[Black "Goryachkina, Aleksandra"]
[WhiteFideId "14103400"]
[BlackFideId "4147103"]
[WhiteElo "2413"]
[BlackElo "2571"]
[Result "0-1"]
[Round "10"]
[TimeControl "180+2"]
[Date "2023.01.03"]
[WhiteClock "0:00:09"]
[BlackClock "0:00:09"]

1. Nf3 d5 2. g3 Nc6 3. d4 Bf5 4. Bg2 e6 5. O-O Be7 6. c4 Nf6 7. Nc3 O-O 8. cxd5 exd5 9. a3 h6 10. Bf4 Bd6 11. Bxd6 Qxd6 12. Nb5 Qe7 13. Rc1 a6 14. Nc3 Rfe8 15. e3 Nd8 16. Na4 Ne4 17. Ne5 Ne6 18. Nc3 Rad8 19. Nxe4 Bxe4 20. Nd3 Qf6 21. Nc5 Nxc5 22. Rxc5 c6 23. b4 Qg6 24. a4 h5 25. Bxe4 Rxe4 26. b5 axb5 27. axb5 h4 28. bxc6 bxc6 29. Qc2 Rd6 30. Rb1 Kh7 31. Rb6 hxg3 32. hxg3 Ree6 33. Qxg6+ Kxg6 34. Kg2 Kf5 35. Kf3 g5 36. g4+ Kg6 37. Rb7 f5 38. gxf5+ Kxf5 39. Ra5 Rf6 40. Re7 Rde6 41. Rg7 Re8 42. Raa7 Ref8 43. Rae7 Re6 44. Rc7 Ref6 45. Rce7 Re6 46. Rd7 Ref6 47. Kg3 Ke4 48. Rde7+ Kd3 49. Rxg5 Rf3+ 50. Kg4 Rxf2 51. Kg3 R2f3+ 52. Kg4 Rxe3 53. Rxe3+ Kxe3 54. Rg6 Rc8 55. Kg3 Kxd4 56. Kf2 Kc4 57. Ke2 d4 58. Kd2 c5 59. Rg3 Ra8 60. Ra3 Rxa3 61. Kc2 Ra2+ 62. Kb1 Rh2 63. Kc1 Kd3 64. Kd1 c4 65. Ke1 c3 66. Kf1 c2 67. Kg1 Rd2 68. Kf1 c1=Q# 0-1


[Site "https://www.chess.com"]

[Event "Titled Tuesday Blitz January 03 Late 2023"]
[White "Maksimovic, Bojan"]
[Black "ArchibaldCerveza29"]
[WhiteFideId "14408120"]
[WhiteElo "2486"]
[BlackElo "2509"]
[Result "1-0"]
[Round "10"]
[TimeControl "180+2"]
[Date "2023.01.03"]
[WhiteClock "0:00:07"]
[BlackClock "0:00:17"]

1. g3 d5 2. Bg2 Nf6 3. Nf3 e6 4. O-O Be7 5. c4 O-O 6. d4 dxc4 7. Qc2 a6 8. a4 Bd7 9. Qxc4 Bc6 10. Bg5 Bd5 11. Qc1 h6 12. Bxf6 Bxf6 13. Nc3 Bxf3 14. Bxf3 c6 15. Rd1 a5 16. Ne4 Na6 17. e3 Nb4 18. Nc5 Ra7 19. Kg2 Be7 20. Nd3 Ra6 21. Nxb4 Bxb4 22. Qc2 Qe7 23. h4 Rd8 24. h5 Raa8 25. Be2 e5 26. dxe5 Qxe5 27. b3 Bc3 28. Rac1 Bb2 29. Rb1 Ba3 30. Rd3 Rxd3 31. Qxd3 Be7 32. Rd1 Rd8 33. Qxd8+ Bxd8 34. Rxd8+ Kh7 35. Bd3+ g6 36. Rd7 Qxh5 37. Rxf7+ Kg8 38. Bc4 Kh8 39. Rf8+ Kg7 40. Rf7+ Kh8 41. Rxb7 Qe5 42. Rf7 h5 43. Rf4 Kg7 44. Rd4 Qf5 45. Kf1 c5 46. Rd5 Qe4 47. Rxc5 h4 48. gxh4 Qxh4 49. Rd5 Qg4 50. Rd4 Qf3 51. Bd5 Qh5 52. Ke1 Qf5 53. Bc4 g5 54. Ke2 Qc2+ 55. Rd2 Qf5 56. Rd5 Qc2+ 57. Kf3 Kf6 58. Rd6+ Kg7 59. Rd4 Kf6 60. Kg2 Qb1 61. Rd6+ Kg7 62. Rd5 Qe4+ 63. Kg3 Qh4+ 64. Kf3 Qh5+ 65. Kg2 Qg4+ 66. Kf1 Qh3+ 67. Ke1 Qh1+ 68. Ke2 Qh5+ 69. Kd2 Qh4 70. Rf5 g4 71. Rf4 Qh3 72. Be2 Qh2 73. Rxg4+ Kf6 74. Rf4+ Ke5 75. Bc4 Qh8 76. Rd4 Qf8 77. f4+ Kf6 78. Kd3 Qb4 79. Rd5 Qe1 80. Kd4 Qd2+ 81. Kc5 Qxe3+ 82. Kb5 Qxf4 83. Kxa5 Ke7 84. Kb4 Qf2 85. a5 Qf8 86. a6 Qb8+ 87. Rb5 Qd6+ 88. Ka5 Qa3+ 89. Kb6 Qd6+ 90. Ka7 Kd8 91. Rb8+ Kc7 92. Rb7+ Kc8 93. Bb5 Qc5+ 94. Ka8 Qd5 95. Bd7+ Kd8 96. a7 Qe4 97. Ba4 Kc8 98. Bd7+ Kd8 99. b4 Qh1 100. b5 Qg2 101. b6 Qf3 102. Kb8 Qf4+ 103. Rc7 Qb4 104. a8=Q Qxb6+ 105. Qb7 Qd6 106. Qc8+ Ke7 107. Bc6+ Kf6 108. Qd7 Qb4+ 109. Bb7 Qf4 110. Qf7+ Kg5 111. Qxf4+ Kxf4 112. Rc6 Ke5 113. Kc7 Kd4 114. Kd7 Ke5 115. Bc8 Kd4 116. Kc7 Ke3 117. Kb6 Kf4 118. Kb5 Ke5 119. Bd7 Kd5 120. Kb4 Ke5 121. Kb3 Kd5 122. Kc3 Ke5 123. Kd3 Kd5 124. Ke3 Ke5 125. Rc5+ Kd6 126. Kd4 Ke7 127. Kd5 Kd8 128. Kc6 Ke7 129. Re5+ Kf7 130. Kd6 Kf6 131. Rf5+ Kg6 132. Ke6 Kg7 133. Rg5+ Kh6 134. Kf6 Kh7 135. Rg4 Kh8 136. Rh4+ Kg8 137. Be6+ Kf8 138. Rh8# 1-0


[Site "https://www.chess.com"]

[Event "Titled Tuesday Blitz January 03 Late 2023"]
[White "Martinez, Marcel"]
[Black "Domingo Nunez, Ruben"]
[WhiteFideId "2016249"]
[BlackFideId "22245570"]
[WhiteElo "2402"]
[BlackElo "2416"]
[Result "1-0"]
[Round "10"]
[TimeControl "180+2"]
[Date "2023.01.03"]
[WhiteClock "0:00:27"]
[BlackClock "0:00:02"]

1. e4 g6 2. d4 Bg7 3. Nc3 c6 4. h3 d5 5. Nf3 dxe4 6. Nxe4 Nf6 7. Bd3 O-O 8. O-O a5 9. c3 Na6 10. Re1 Nc7 11. a4 Re8 12. Bg5 Ne6 13. Be3 Nd5 14. Bd2 b6 15. h4 Nef4 16. Bf1 Bg4 17. g3 Nh5 18. Be2 Nhf6 19. Neg5 Bxf3 20. Bxf3 Qd6 21. Qb3 Rad8 22. Rad1 e6 23. Bc1 Qc7 24. Kg2 Bf8 25. h5 h6 26. Ne4 Nxe4 27. Rxe4 g5 28. Rde1 Nf6 29. R4e2 c5 30. dxc5 Bxc5 31. Qb5 g4 32. Bc6 Re7 33. Bxh6 Nxh5 34. Rh1 Rc8 35. Bg5 f6 36. Rxh5 Qxc6+ 37. Qxc6 Rxc6 38. Bxf6 Rd7 39. Rg5+ Kf7 40. Be5 Rd1 41. Rg7+ Kf8 42. Rxg4 Rc8 43. Rh4 Kf7 44. Rh7+ Kg6 45. Rh1 Rxh1 46. Kxh1 Rd8 47. Kg2 Rd1 48. Kf3 Kf5 49. Bc7 Rd3+ 50. Kg2 Rd5 51. Bf4 Rd3 52. Bd2 Rd5 53. f3 Rd3 54. g4+ Kf6 55. Kg3 Bd6+ 56. Bf4 e5 57. Be3 e4+ 58. Kf2 Bf4 59. fxe4 Bd6 60. Kf3 Ke5 61. g5 Bc5 62. g6 Kf6 63. Kf4 Bd6+ 64. e5+ Bxe5+ 65. Ke4 Rd7 66. Rg2 Ke6 67. Bd4 1-0


[Site "https://www.chess.com"]

[Event "Titled Tuesday Blitz January 03 Late 2023"]
[White "Bjelobrk, Igor"]
[Black "Kalogeris, Ioannis"]
[WhiteFideId "4300726"]
[BlackFideId "4239563"]
[WhiteElo "2403"]
[BlackElo "2423"]
[Result "1-0"]
[Round "10"]
[TimeControl "180+2"]
[Date "2023.01.03"]
[WhiteClock "0:00:44"]
[BlackClock "0:00:57"]

1. Nf3 d5 2. g3 Nf6 3. Bg2 c6 4. c4 g6 5. d4 Bg7 6. O-O O-O 7. a4 Na6 8. Nc3 dxc4 9. a5 c5 10. d5 Nb4 11. e4 Bg4 12. h3 Bxf3 13. Qxf3 Nd3 14. Qe2 Nd7 15. f4 Bd4+ 16. Kh2 e6 17. dxe6 fxe6 18. e5 Rb8 19. Nb5 b6 20. a6 Qe7 21. Nxa7 Nb4 22. Nb5 Nd3 23. a7 Ra8 24. Bxa8 Rxa8 25. Nc7 Qd8 26. Nxa8 Qxa8 27. Qg2 1-0


[Site "https://www.chess.com"]

[Event "Titled Tuesday Blitz January 03 Late 2023"]
[White "Jaferian, Koosha"]
[Black "Strahov, Andrej"]
[WhiteFideId "12507440"]
[BlackFideId "4165489"]
[WhiteElo "2233"]
[BlackElo "2398"]
[Result "0-1"]
[Round "10"]
[TimeControl "180+2"]
[Date "2023.01.03"]
[WhiteClock "0:00:06"]
[BlackClock "0:00:27"]

1. e4 d5 2. exd5 Qxd5 3. Nf3 Nf6 4. Be2 Bf5 5. d4 e6 6. c4 Qd8 7. Nc3 c6 8. O-O Nbd7 9. Bf4 Be7 10. Bd3 Bg4 11. h3 Bh5 12. Re1 O-O 13. Be2 h6 14. Ne5 Bxe2 15. Qxe2 Qb6 16. Be3 Qc7 17. Bf4 Qb6 18. Be3 Qc7 19. Nf3 a6 20. Rad1 b5 21. Nd2 Nb6 22. b3 Bb4 23. Rc1 Qe7 24. d5 Rab8 25. Bxb6 Rxb6 26. dxe6 Rd8 27. exf7+ Qxf7 28. Nde4 Rbb8 29. Nxf6+ Qxf6 30. Ne4 Qe5 31. Red1 Rf8 32. Rd7 Rbe8 33. Qg4 g5 34. Ng3 Bc5 35. Rf1 Rxf2 36. Kh1 Qxg3 37. Rxf2 Re1+ 0-1


[Site "https://www.chess.com"]

[Event "Titled Tuesday Blitz January 03 Late 2023"]
[White "Korchmar, Vasiliy"]
[Black "Goncalves, Davi Sulzbacher"]
[WhiteFideId "24131750"]
[BlackFideId "2154510"]
[WhiteElo "2438"]
[BlackElo "2282"]
[Result "0-1"]
[Round "10"]
[TimeControl "180+2"]
[Date "2023.01.03"]
[WhiteClock "0:00:15"]
[BlackClock "0:00:18"]

1. Nf3 c5 2. g3 Nf6 3. Bg2 g6 4. b3 Bg7 5. Bb2 O-O 6. c4 d5 7. e3 Nc6 8. O-O d4 9. exd4 Nh5 10. Nc3 Nxd4 11. Nxd4 Bxd4 12. Na4 Bxb2 13. Nxb2 Nf6 14. Re1 Rb8 15. Na4 b6 16. Qe2 e6 17. Nc3 Bb7 18. Bxb7 Rxb7 19. Rad1 Rd7 20. Qf3 Rd3 21. Re3 Rd4 22. Nb5 Rd7 23. d3 Ne8 24. d4 a6 25. Nc3 cxd4 26. Red3 e5 27. Qe2 Nd6 28. Nd5 f6 29. f4 Re8 30. Rxd4 exd4 31. Nxf6+ Qxf6 32. Qxe8+ Nxe8 0-1


[Site "https://www.chess.com"]

[Event "Titled Tuesday Blitz January 03 Late 2023"]
[White "Sos Andreu, Eric"]
[Black "Haydon, David L"]
[WhiteFideId "22247017"]
[BlackFideId "415405"]
[WhiteElo "2352"]
[BlackElo "2253"]
[Result "1-0"]
[Round "10"]
[TimeControl "180+2"]
[Date "2023.01.03"]
[WhiteClock "0:00:06"]
[BlackClock "0:00:24"]

1. d4 c6 2. c4 d5 3. Nf3 Nf6 4. g3 e6 5. Bg2 Bd6 6. O-O Qe7 7. Qc2 Nbd7 8. b3 dxc4 9. bxc4 e5 10. e4 O-O 11. Nc3 exd4 12. Nxd4 Ne5 13. Nf5 Bxf5 14. exf5 Nxc4 15. Bg5 Na3 16. Qb3 h6 17. Bxf6 gxf6 18. Rad1 Be5 19. Ne4 Rfd8 20. Bf3 Nb5 21. Qe3 Kg7 22. Bg2 Rxd1 23. Rxd1 Rd8 24. Re1 Nd4 25. Rb1 Nb5 26. a4 Na3 27. Rc1 b5 28. axb5 cxb5 29. h3 b4 30. Rc6 Nb5 31. Rc4 a5 32. Qb6 Rb8 33. Qxa5 b3 34. Rb4 b2 35. Rxb5 Rxb5 36. Qxb5 Qa3 37. Kh2 Qa1 38. Nd2 Qc1 39. Qd3 Qd1 40. Be4 h5 41. h4 Qe1 42. Kg2 Bc7 43. Nf3 Qc1 44. Qb1 Qc4 45. Qd3 Qb4 46. Nd2 Bb6 47. Nb1 Qc5 48. Qf3 Qd4 49. Bc2 Qc4 50. Bd3 Qc1 51. Qxh5 Qc5 52. Qg4+ Kf8 53. Qf3 Qd4 54. h5 Kg7 55. Bc2 Kh7 56. Bd3 Qe5 57. Qg4 Bd4 58. h6 Kxh6 59. Qh4+ Kg7 60. Qg4+ Kf8 61. Qf3 Qe1 62. Qe2 Qc1 63. Bc2 Qg5 64. f4 Be5 65. fxg5 Bxg3 66. gxf6 Be5 67. Qxe5 Kg8 68. Qe8+ Kh7 69. Qxf7+ Kh6 70. Qg6# 1-0


[Site "https://www.chess.com"]

[Event "Titled Tuesday Blitz January 03 Late 2023"]
[White "Ansh M Shah"]
[Black "Gascon Del Nogal, Jose Rafael"]
[WhiteFideId "25033379"]
[BlackFideId "3902463"]
[WhiteElo "2171"]
[BlackElo "2459"]
[Result "1-0"]
[Round "10"]
[TimeControl "180+2"]
[Date "2023.01.03"]
[WhiteClock "0:00:03"]
[BlackClock "0:00:02"]

1. d4 Nf6 2. c4 g6 3. g3 Bg7 4. Nc3 d5 5. cxd5 Nxd5 6. Bg2 Nxc3 7. bxc3 c5 8. Nf3 Nc6 9. e3 O-O 10. O-O Be6 11. Ba3 cxd4 12. Nxd4 Nxd4 13. cxd4 Qd7 14. Rb1 Bd5 15. Bxd5 Qxd5 16. Qb3 Qf5 17. Bxe7 Rfe8 18. Qxb7 h5 19. d5 h4 20. d6 Reb8 21. Qc6 Rxb1 22. Qxa8+ Kh7 23. Bxh4 Rxf1+ 24. Kxf1 g5 25. d7 Qxd7 26. Bxg5 Qb5+ 27. Kg1 Qxg5 28. Qxa7 Qf5 29. a4 Qb1+ 30. Kg2 Qe4+ 31. Kg1 Qb1+ 32. Kg2 Qe4+ 33. f3 Qc2+ 34. Kh3 Qf5+ 35. Kg2 Qc2+ 36. Kh3 f5 37. Qd7 Qd3 38. Qxd3 Kg6 39. g4 1-0


[Site "https://www.chess.com"]

[Event "Titled Tuesday Blitz January 03 Late 2023"]
[White "Graif, William"]
[Black "Zeynalli, Rashad"]
[WhiteFideId "2609835"]
[BlackFideId "13403320"]
[WhiteElo "2304"]
[BlackElo "2200"]
[Result "0-1"]
[Round "10"]
[TimeControl "180+2"]
[Date "2023.01.03"]
[WhiteClock "0:00:21"]
[BlackClock "0:01:43"]

1. e4 c5 2. Nc3 Nc6 3. Bb5 Nd4 4. Nf3 g6 5. Nxd4 cxd4 6. Ne2 Bg7 7. O-O Nf6 8. d3 O-O 9. Ba4 d5 10. e5 Ng4 11. f4 f6 12. h3 Ne3 13. Bxe3 dxe3 14. d4 fxe5 15. fxe5 Rxf1+ 16. Qxf1 Qa5 17. Nc3 Be6 18. Re1 Qb4 19. Nb5 Qxa4 20. Nc7 Rf8 21. Qe2 Qd7 22. Nxe6 Qxe6 23. Qxe3 Qf5 24. c3 Bh6 25. Qe2 Bf4 26. g4 Qg5 27. Qb5 Qh4 28. Qxd5+ Kh8 29. Re2 Qxh3 0-1


[Site "https://www.chess.com"]

[Event "Titled Tuesday Blitz January 03 Late 2023"]
[White "Pein, Jonathan"]
[Black "De La Colina, Nicolas"]
[WhiteFideId "417092"]
[BlackFideId "30946921"]
[WhiteElo "2265"]
[BlackElo "2244"]
[Result "1-0"]
[Round "10"]
[TimeControl "180+2"]
[Date "2023.01.03"]
[WhiteClock "0:02:07"]
[BlackClock "0:00:57"]

1. e4 c5 2. g3 g6 3. Bg2 Bg7 4. Ne2 h5 5. h3 Nc6 6. c3 e5 7. a3 Nge7 8. b4 d6 9. d3 Be6 10. Be3 b6 11. b5 Na5 12. c4 Qd7 13. Nbc3 h4 14. g4 f5 15. exf5 gxf5 16. Bxa8 fxg4 17. hxg4 Bxg4 18. Qc2 Nf5 19. Bd5 h3 20. O-O-O h2 21. Ne4 Nb3+ 22. Qxb3 Bxe2 23. Bc6 1-0


[Site "https://www.chess.com"]

[Event "Titled Tuesday Blitz January 03 Late 2023"]
[White "Donskov, Anatoly"]
[Black "Denishev, Marat"]
[WhiteFideId "24143413"]
[BlackFideId "24131563"]
[WhiteElo "2279"]
[BlackElo "2255"]
[Result "0-1"]
[Round "10"]
[TimeControl "180+2"]
[Date "2023.01.03"]
[WhiteClock "0:00:18"]
[BlackClock "0:00:50"]

1. e4 c5 2. Nf3 d6 3. d4 cxd4 4. Nxd4 Nf6 5. Nc3 a6 6. Be2 e6 7. g4 h6 8. Be3 Qc7 9. f3 b5 10. a3 Bb7 11. Qd2 Nbd7 12. O-O-O Nb6 13. Kb1 d5 14. g5 hxg5 15. Bxg5 b4 16. axb4 Bxb4 17. exd5 Nbxd5 18. Nxd5 Nxd5 19. Qd3 Rxh2 20. Nxe6 fxe6 21. Qg6+ Kf8 22. Qxe6 Re8 23. Qf5+ Kg8 24. Rxh2 Qxh2 25. Bc4 Re5 26. Rxd5 Rxf5 27. Rd2+ Bd5 28. Bxd5+ Rxd5 29. Rxh2 Rxg5 30. c3 Bd6 31. Rf2 Kf7 32. Kc2 Ke6 33. b4 Kf5 34. Kd3 Kf4 35. Ra2 Rg3 36. Rxa6 Rxf3+ 37. Kc2 Be5 38. Rc6 g5 39. Rc4+ Ke3 40. b5 Rf2+ 41. Kb3 Kd3 42. Rg4 Bf4 43. c4 Rf1 44. Kb4 Ke4 45. c5 Kf3 46. Rxf4+ Kxf4 47. b6 g4 48. c6 g3 49. b7 Rb1+ 50. Ka5 g2 51. c7 g1=Q 52. b8=Q Qc5+ 53. Ka6 Qa3# 0-1


[Site "https://www.chess.com"]

[Event "Titled Tuesday Blitz January 03 Late 2023"]
[White "Chernov, Mikhail"]
[Black "Ehlvest, Jaan"]
[WhiteFideId "24143170"]
[BlackFideId "4500016"]
[WhiteElo "2205"]
[BlackElo "2530"]
[Result "1-0"]
[Round "10"]
[TimeControl "180+2"]
[Date "2023.01.03"]
[WhiteClock "0:00:06"]
[BlackClock "0:00:15"]

1. e4 c5 2. Nf3 Nc6 3. d4 cxd4 4. Nxd4 e5 5. Nb5 d6 6. N1c3 a6 7. Na3 b5 8. Nd5 Nf6 9. Bg5 Be7 10. Bxf6 Bxf6 11. c4 b4 12. Nc2 a5 13. g3 O-O 14. h4 Rb8 15. b3 Bb7 16. Bh3 g6 17. h5 Bg7 18. Kf1 Nd4 19. Kg2 Bxd5 20. cxd5 Nb5 21. Ne3 Nc3 22. Qd3 Bh6 23. Nc4 f5 24. hxg6 fxe4 25. Be6+ Kg7 26. Qc2 hxg6 27. Rxh6 Kxh6 28. Qd2+ Kg7 29. Rh1 Rh8 30. Rxh8 Qxh8 31. Nxd6 Qh5 32. Nf7 Rh8 33. Nxh8 Kxh8 34. d6 Qf3+ 35. Kh2 Qh5+ 36. Bh3 1-0


[Site "https://www.chess.com"]

[Event "Titled Tuesday Blitz January 03 Late 2023"]
[White "Rodriguez Fontecha, Marcos"]
[Black "Melikhov, Evgeny V."]
[WhiteFideId "2256576"]
[BlackFideId "4122046"]
[WhiteElo "2309"]
[BlackElo "2269"]
[Result "1-0"]
[Round "10"]
[TimeControl "180+2"]
[Date "2023.01.03"]
[WhiteClock "0:01:19"]
[BlackClock "0:00:26"]

1. Nf3 f5 2. b4 d6 3. Bb2 e5 4. d4 e4 5. Nfd2 Nf6 6. e3 Be7 7. f3 exf3 8. Nxf3 O-O 9. Bc4+ d5 10. Bb3 c6 11. a3 Ne4 12. O-O Be6 13. Ne5 Nd7 14. Nd2 Nxe5 15. dxe5 Bg5 16. Rf3 Nxd2 17. Qxd2 Qe8 18. Qd4 Qh5 19. c4 Qg4 20. cxd5 Qxd4 21. Bxd4 Bxd5 22. Bxd5+ cxd5 23. Bc5 Rfe8 24. Rxf5 Be7 25. Bd4 a5 26. b5 Rac8 27. e6 Rc2 28. Rf7 Bf6 29. Bxf6 gxf6 30. Rxf6 Kg7 31. Raf1 Re2 32. R1f3 Rc8 33. h4 Rcc2 34. Rf7+ Kg6 35. Rg3+ Kh6 36. Rf6+ Kh5 37. Rg5+ Kxh4 38. Rg8 h5 39. Rf4# 1-0


[Site "https://www.chess.com"]

[Event "Titled Tuesday Blitz January 03 Late 2023"]
[White "Rian, Kapriaga"]
[Black "Mendez Fortes, Eduardo Jesus"]
[WhiteFideId "7103263"]
[BlackFideId "3502376"]
[WhiteElo "2089"]
[BlackElo "2250"]
[Result "0-1"]
[Round "10"]
[TimeControl "180+2"]
[Date "2023.01.03"]
[WhiteClock "0:00:01"]
[BlackClock "0:01:16"]

1. d4 Nf6 2. Nf3 d5 3. Bf4 c5 4. e3 Nc6 5. Nbd2 cxd4 6. exd4 Qb6 7. Nb3 Bf5 8. a4 a6 9. a5 Qd8 10. Bd3 Bxd3 11. Qxd3 e6 12. O-O Be7 13. c3 O-O 14. Ne5 Nxe5 15. Bxe5 Nd7 16. Rfe1 Nb8 17. Bxb8 Rxb8 18. Nc1 b5 19. axb6 Rxb6 20. b4 Qc8 21. Nb3 Qc6 22. Ra3 Rc8 23. Nc5 Ra8 24. Rea1 g6 25. g3 e5 26. Rxa6 Raxa6 27. Nxa6 e4 28. Qf1 Qxc3 29. Nc5 Rxb4 30. Ra8+ Kg7 31. h4 Qxd4 32. Nd7 Rb7 33. Nb8 Qb6 34. Na6 Ra7 35. Rxa7 Qxa7 36. Qb5 d4 37. Nb8 d3 0-1


[Site "https://www.chess.com"]

[Event "Titled Tuesday Blitz January 03 Late 2023"]
[White "Torres Dominguez, David"]
[Black "Altman, Joshua"]
[WhiteFideId "2220857"]
[BlackFideId "426210"]
[WhiteElo "1994"]
[BlackElo "2120"]
[Result "0-1"]
[Round "10"]
[TimeControl "180+2"]
[Date "2023.01.03"]
[WhiteClock "0:01:29"]
[BlackClock "0:01:36"]

1. e4 e6 2. d4 d5 3. exd5 exd5 4. Bd3 Nc6 5. c3 Bd6 6. Qf3 Nf6 7. h3 h6 8. Bf4 Be6 9. Ne2 Qd7 10. Bxd6 Qxd6 11. Qg3 Qe7 12. Nd2 O-O-O 13. O-O-O g5 14. f3 Kb8 15. Qf2 Rhe8 16. h4 g4 17. Rde1 Qd6 18. Qg3 Qd7 19. Qf4 Nh5 20. Qxh6 Rh8 21. Qe3 gxf3 22. gxf3 Rde8 23. Qf2 Bf5 24. Bb5 a6 25. Ba4 Nb4 26. cxb4 Qxa4 27. Nc3 Qc2# 0-1


[Site "https://www.chess.com"]

[Event "Titled Tuesday Blitz January 03 Late 2023"]
[White "Stachanczyk, Jacek"]
[Black "Erdogdu, Mert"]
[WhiteFideId "1116657"]
[BlackFideId "6301495"]
[WhiteElo "2147"]
[BlackElo "2413"]
[Result "1-0"]
[Round "10"]
[TimeControl "180+2"]
[Date "2023.01.03"]
[WhiteClock "0:00:37"]
[BlackClock "0:00:07"]

1. e4 c5 2. Nf3 d6 3. d4 cxd4 4. Nxd4 Nf6 5. Nc3 a6 6. Bg5 e6 7. f4 Qb6 8. Qd3 Nc6 9. Nxc6 bxc6 10. O-O-O Rb8 11. b3 d5 12. Be2 h6 13. Bh4 Be7 14. Bg3 O-O 15. f5 exf5 16. exd5 cxd5 17. Bxb8 Qxb8 18. Nxd5 Nxd5 19. Qxd5 Be6 20. Qa5 Bf6 21. g3 f4 22. gxf4 Qxf4+ 23. Kb1 Rc8 24. Rhf1 Qh4 25. Qxa6 g6 26. Rxf6 Qxf6 27. Bc4 Qc3 28. Bd3 Kg7 29. Rf1 Rc5 30. Qd6 Rd5 31. Qg3 Rg5 32. Qe3 Re5 33. Qc1 Rd5 34. Qb2 Qxb2+ 35. Kxb2 Re5 36. a4 f5 37. b4 g5 38. a5 Bd5 39. c4 Be4 40. Bxe4 fxe4 41. Kc3 e3 42. Kd4 e2 43. Re1 Re8 44. Kd3 Rd8+ 45. Kc3 Re8 46. Kd3 Rd8+ 47. Kxe2 Rd4 48. Rc1 Kf6 49. a6 Ke7 50. a7 1-0


[Site "https://www.chess.com"]

[Event "Titled Tuesday Blitz January 03 Late 2023"]
[White "Skvortsov, Andrei"]
[Black "Vovk, Orest"]
[WhiteFideId "24108600"]
[BlackFideId "14113490"]
[WhiteElo "2313"]
[BlackElo "2315"]
[Result "0-1"]
[Round "10"]
[TimeControl "180+2"]
[Date "2023.01.03"]
[WhiteClock "0:00:08"]
[BlackClock "0:00:05"]

1. d4 h6 2. c4 g5 3. Nc3 Bg7 4. h4 c5 5. d5 Bxc3+ 6. bxc3 Qa5 7. hxg5 hxg5 8. Rxh8 Qxc3+ 9. Qd2 Qxh8 10. Qxg5 Qc3+ 11. Kd1 Qd4+ 12. Ke1 Qc3+ 13. Kd1 Nf6 14. Qh4 d6 15. Rb1 Nbd7 16. Rb3 Qa1 17. Nf3 Nf8 18. Nd2 Bd7 19. g4 Ba4 20. g5 Qxa2 21. gxf6 Bxb3+ 22. Ke1 Qc2 23. Nxb3 Qc3+ 24. Bd2 Qxb3 25. f3 Ng6 26. Qh7 exf6 27. Qg8+ Nf8 28. Bh6 Ke7 29. Qg4 Qc3+ 30. Bd2 Qa1+ 31. Kf2 Qd4+ 32. Qxd4 cxd4 33. e4 dxe3+ 34. Kxe3 a5 35. Bc1 Nd7 36. Ba3 Nc5 37. Kd4 b6 38. Bh3 Rh8 39. Bg4 Rh4 40. Kc3 Rh2 41. Bc1 Rh1 42. Ba3 Ra1 43. Bb2 Rf1 44. Kc2 Na4 45. Bd4 Nc5 46. Be3 f5 47. Bh5 f6 48. Bd2 Rf2 49. Kd1 a4 50. Bc3 Rg2 51. Kc1 a3 52. f4 a2 53. Bd1 Nd3# 0-1


[Site "https://www.chess.com"]

[Event "Titled Tuesday Blitz January 03 Late 2023"]
[White "Shuvalova, Polina"]
[Black "Novikov, Evgenij"]
[WhiteFideId "24171760"]
[BlackFideId "4125380"]
[WhiteElo "2484"]
[BlackElo "2276"]
[Result "1-0"]
[Round "10"]
[TimeControl "180+2"]
[Date "2023.01.03"]
[WhiteClock "0:00:18"]
[BlackClock "0:00:13"]

1. d4 d5 2. Nf3 Nf6 3. Bf4 c5 4. e3 cxd4 5. exd4 Nc6 6. Nbd2 Bg4 7. c3 Bxf3 8. Nxf3 e6 9. Qb3 Qc8 10. Bd3 Be7 11. O-O O-O 12. Rfe1 a6 13. a4 Rd8 14. Qc2 Qd7 15. Ne5 Qe8 16. Bg5 g6 17. f4 Qf8 18. Qf2 h6 19. Bh4 Nh7 20. Re3 Rac8 21. Rae1 Bf6 22. Bxf6 Nxf6 23. Qh4 Qg7 24. Nxg6 fxg6 25. Rg3 Ne4 26. Bxe4 dxe4 27. Rxe4 Nxd4 28. cxd4 Rc1+ 29. Kf2 Rxd4 30. Re2 g5 31. Qh5 Rxf4+ 32. Rf3 Qd4+ 33. Kg3 Rg4+ 34. Qxg4 Qd6+ 35. Kh3 Rh1 36. Qxe6+ Qxe6+ 37. Rxe6 1-0


[Site "https://www.chess.com"]

[Event "Titled Tuesday Blitz January 03 Late 2023"]
[White "Espinosa, Pedro"]
[Black "Kalajzic, Ivan"]
[WhiteFideId "30921066"]
[BlackFideId "14506378"]
[WhiteElo "2229"]
[BlackElo "2062"]
[Result "1/2-1/2"]
[Round "10"]
[TimeControl "180+2"]
[Date "2023.01.03"]
[WhiteClock "0:00:12"]
[BlackClock "0:00:09"]

1. d4 Nc6 2. Nf3 d6 3. e4 Bg4 4. Be2 e5 5. d5 Nce7 6. O-O Nf6 7. Nc3 g6 8. h3 Bd7 9. Bg5 Bg7 10. Qd2 O-O 11. Bh6 b5 12. Bxg7 Kxg7 13. a3 a5 14. Bxb5 Bxb5 15. Nxb5 Nxe4 16. Qe3 Nf6 17. c4 Qb8 18. a4 h6 19. Rac1 Nd7 20. b3 Nf5 21. Qc3 Nc5 22. Rfe1 Qd8 23. g4 Nh4 24. Nxh4 Qxh4 25. Nxc7 Ra7 26. Nb5 Rd7 27. Rb1 f5 28. Qg3 Qxg3+ 29. fxg3 fxg4 30. hxg4 Rf3 31. Kg2 Rdf7 32. Re2 Nxb3 33. Nxd6 Rf8 34. Rxe5 Rf2+ 35. Kg1 Nd2 36. Rb7+ Kg8 37. Re8 Rf1+ 38. Kg2 Rf2+ 39. Kh3 Nf3 40. Rxf8+ Kxf8 41. Rf7+ Kg8 42. Rxf3 Rxf3 43. c5 Rd3 44. c6 Rc3 45. Nb5 Rc5 46. d6 Kf8 47. c7 Ke8 48. Na7 Kd7 49. c8=Q+ Rxc8 50. Nxc8 Kxc8 51. g5 h5 52. g4 hxg4+ 53. Kxg4 Kd7 54. Kf4 Kxd6 55. Ke4 Kc5 56. Ke5 Kb4 57. Kf6 Kxa4 58. Kxg6 Kb4 59. Kf5 a4 60. g6 a3 61. g7 a2 62. g8=Q a1=Q 63. Qb8+ Ka3 64. Qa7+ Kb2 65. Qxa1+ Kxa1 1/2-1/2


[Site "https://www.chess.com"]